cohdb
Replays
Latest Replays
All Replays
Popular Replays
Top Player Replays
Match Explorer
How It Works
Community
CoH3 Stats
Reddit
Sign in to upload your games and track your stats! →
Sign in with Steam
Match 43903157
Unlisted
Match 43903157
Overview
Messages
Build Orders
End
Construct Infanterie Kompanie
Grenadier Squad
Selects Italian Coastal Battlegroup
Selects Coastal Reserves
MG 42 Machine Gun Team
Grenadier Squad
Medical Station
GrW 34 Mortar Team
MG 42 Machine Gun Team
Pioneer Squad
Coastal Reserve
Construct Luftwaffe Kompanie
Jäger Squad
Selects Support Bunkers
Selects Rapid Fortifications
Rapid Fortifications
Medical Bunker
Construct Panzer Kompanie
Jäger Squad
Selects Bulwark
Selects Artillery Officer
Coastal Reserve
Panzer IV Medium Tank
KunT
!m !n XxX w!Th Ya MuM [LoL]
robwarrior
imba ☯
0
0
Comments
sign in to comment!
No comments posted yet!